AoeStats
← Sparten gio

Nomad

504003901Analyzed
2v2 RM · 1mo ago on Sep 3, 2026· 39m 48s· 4 players
Game mode
Random Map
Map size
176×176
Population
200
Speed
Normal
Resources
Standard
Victory
Conquest
Starting age
Dark Age
Ending age
Imperial Age
RankedLock teamsTeams togetherTeam positionsShared explorationLock speedFull tech treeHidden civsTurbo modeCheats
Victory
Defeat
🇦🇺 Mongols · Australia
1010
+11
🇺🇸 Ethiopians · United States
861
+16
🇹🇼 Japanese · Taiwan
897
-14
🇹🇼 Malians · Taiwan
875
-13
炸雞勇者
4:56 Loom
15:57 Feudal Age
16:44 Double-Bit Axe
17:38 Fishing Lines
22:31 Castle Age
31:59 Bow Saw
32:38 Pikeman
37:20 Fletching
38:29 Tigui
戳戳吸毒包
5:50 Loom
14:27 Feudal Age
14:53 Double-Bit Axe
14:33 Man-at-Arms
16:23 Arson
17:05 Gold Mining
17:08 Fishing Lines
18:38 Horse Collar
25:53 Wheelbarrow
28:15 Castle Age
27:11 Stone Mining
30:06 Fletching
29:40 Crossbowman
30:26 Thumb Ring
29:47 Pikeman
30:28 Squires
32:00 Bodkin Arrow
38:24 Padded Archer Armor
RainbowRock3115
4:26 Loom
13:08 Feudal Age
18:19 Castle Age
16:14 Fishing Lines
17:45 Gold Mining
18:32 Bloodlines
23:15 Gillnets
26:32 Husbandry
28:55 Wheelbarrow
29:52 Double-Bit Axe
30:49 Forging
32:40 Stone Mining
34:22 Hand Cart
37:57 Fletching
38:43 Iron Casting
40:44 Imperial Age
39:31 Nomads
Sparten gio
9:37 Loom
13:35 Feudal Age
14:34 Double-Bit Axe
18:07 Fletching
19:25 Forging
22:15 Castle Age
21:48 Scale Barding Armor
22:27 Crossbowman
23:55 Bodkin Arrow
24:34 Thumb Ring
26:01 Padded Archer Armor
26:35 Husbandry
26:53 Gold Mining
34:31 Imperial Age
31:53 Town Watch
33:33 Fishing Lines
36:45 Murder Holes
40:09 Ballistics
Connection lost

Rejoining the realm…

Still unreachable

The connection could not be restored.

Session expired

The server has moved on; the page needs a fresh start.